 Dungeon Crawl Stone Soup version 0.30-a0-368-g86fb4627a9 (webtiles) character file.

Game seed: 6145905149185714143

1418 Sweetruy1997 the Cleaver (level 8, 0/66 HPs)
             Began as a Hill Orc Monk on Nov 10, 2022.
             Slain by an ogre
             ... wielding a +0 giant club
              (18 damage)
             ... on level 5 of the Dungeon on Nov 18, 2022.
             The game lasted 00:15:39 (4478 turns).

Sweetruy1997 the Cleaver (Hill Orc Monk)            Turns: 4478, Time: 00:15:40

Health: 0/66       AC: 14    Str: 14    XL:     8   Next: 71%
Magic:  8/8        EV:  7    Int: 10    God:
Gold:   55         SH:  0    Dex: 15    Spells: 7/7 levels left

rFire   . . .      SeeInvis +    a - +0 hand axe
rCold   . . .      Faith    .    (no shield)
rNeg    . . .      Spirit   .    i - +0 chain mail
rPois   .          Reflect  .    k - +2 hat
rElec   .          Harm     .    (no cloak)
rCorr   .          Rampage  .    p - +0 pair of gloves
Will    .....                    h - +0 pair of boots
Stlth   ..........               (no amulet)
HPRegen 0.31/turn                l - ring of see invisible
MPRegen 0.11/turn                c - +4 ring of slaying

@: invisible
A: no striking features
a: no special abilities


You were on level 5 of the Dungeon.
You visited 1 branch of the dungeon, and saw 5 of its levels.
You also visited: Sewer.

You collected 97 gold pieces.
You spent 42 gold pieces at shops.

Inventory:

Hand Weapons
 a - a +0 hand axe (weapon)
Missiles
 n - 8 boomerangs (quivered)
Armour
 h - a +0 pair of boots (worn)
 i - a +0 chain mail (worn)
 k - a +2 hat (worn)
 p - a +0 pair of gloves (worn)
Jewellery
 c - a +4 ring of slaying (right hand)
 l - a ring of see invisible (left hand)
Wands
 m - a wand of flame (5)
Scrolls
 e - a scroll of blinking
 g - a scroll of fear {unknown}
 o - a scroll of fog
Potions
 b - a potion of attraction
 f - 2 potions of curing


   Skills:
 - Level 4.0 Fighting
 + Level 9.9 Axes
 + Level 3.3 Throwing
 - Level 5.0 Armour
 - Level 3.0 Dodging
 + Level 3.7 Stealth
 + Level 0.3 Evocations


You had 7 spell levels left.
You didn't know any spells.
Your spell library contained the following spells:

 Spells                   Type           Power      Damage    Failure   Level
 Gell's Gravitas          Tloc           0%         N/A       100%        3
 Lesser Beckoning         Tloc           0%         N/A       100%        3
 Teleport Other           Tloc           0%         N/A       100%        3
 Blade Hands              Tmut           0%         N/A       100%        5
 Irradiate                Conj/Tmut      0%         3d11      100%        5
 Dragon Form              Tmut           0%         N/A       100%        7


Dungeon Overview and Level Annotations

Branches:
Dungeon (5/15)              Sewer (visited)
 Temple: D:4-7

Altars:
Qazlal

Shops:
D:3 ?   D:5 *

Annotations:
D:5 1 transporter, Bediveer's ghost, amateur TeAE


Message History

You throw a boomerang. The boomerang barely misses the ogre.
The ogre hits you but does no damage.
You slash the ogre!
The ogre is severely wounded.
The ogre hits you with a +0 giant club!
You hit the ogre.
The ogre is almost dead.
You barely miss the ogre.
The ogre is almost dead.
The ogre hits you with a +0 giant club!!
You hit the ogre.
You kill the ogre!
Aiming: Throw Flame
Press: ? - help, Shift-Dir - straight line, f - ogre
Aim: an ogre, wielding a +0 giant club (85% to hit)
The puff of flame hits the ogre.
The ogre is lightly wounded.
The ogre hits you with a +0 giant club!
You feel better.
You fade into invisibility!
The ogre hits you with a +0 giant club.
You hit the ogre.
The ogre is lightly wounded.
You slash the ogre!
The ogre is heavily wounded.
The ogre closely misses you.
You completely miss the ogre.
The ogre is heavily wounded.
The ogre hits you with a +0 giant club!
* * * LOW HITPOINT WARNING * * *
You are too injured to fight recklessly!
Throw: 8 boomerangs
Press: ? - help, Q - select action, (/) - cycle Shift-Dir - straight line, f/p - ogre
Aim: an ogre, wielding a +0 giant club (moderately wounded, unable to see you, 79% to hit)
You throw a boomerang. The boomerang hits the ogre.
The ogre is heavily wounded.
You slash the ogre!
The ogre is severely wounded.
The ogre hits you with a +0 giant club!!
You die...

#####.###..#### #....##
##..... . . ##
#.###.###..#### .... .
#.# ##.#.### ..... #.#.#
#..##
.?#..)####.#.####..#####
..... ....#............#
......##.###.####..###.#
#.)$O@#...# #..# #.#
######..#.# #..###.###
####.###.........
###...#..........
#...∩...#####.###
#..#...### #....
#.###.## #..## ... ..#
#..# #### ### #####..#


You could see an ogre (unable to see you).

Vanquished Creatures
  Pikel (D:4)
  Grinder (D:4)
  2 ogres (D:5)
  2 lemures (D:4)
  2 bullfrogs (Sewer)
  Blork the orc (D:4)
  4 hounds
  Ijyb (D:3)
  14 adders
  A white imp (D:5)
  An ufetubus (D:5)
  2 worms (D:3)
  2 dart slugs (D:1)
  12 orcs
  14 ball pythons
  3 bats
  16 endoplasms
  9 giant cockroaches
  4 goblins
  5 hobgoblins
  2 jackals (D:1)
  2 kobolds
  17 quokkas
  10 frilled lizards
  4 rats
132 creatures vanquished.

Notes
Turn   | Place    | Note
-------+----------+-------------------------------------------
     0 | D:1      | Sweetruy1997 the Hill Orc Monk began the quest for the Orb.
     0 | D:1      | Reached XP level 1. HP: 19/19 MP: 1/1
   111 | D:1      | Reached XP level 2. HP: 27/27 MP: 2/2
   357 | D:1      | Reached XP level 3. HP: 33/33 MP: 3/3
   713 | D:2      | Reached skill level 5 in Axes
   980 | D:2      | Reached XP level 4. HP: 40/40 MP: 4/4
  1606 | D:3      | Noticed Ijyb
  1635 | D:3      | Killed Ijyb
  1636 | D:3      | Reached skill level 1 in Armour
  1798 | D:3      | Reached XP level 5. HP: 11/46 MP: 5/5
  2078 | D:3      | Upgraded the game from 0.30-a0-358-g0d69a1922f to
                  | 0.30-a0-365-ge7f957f1db
  2332 | D:3      | Found Maitif's Magic Scroll Shoppe.
  2340 | D:3      | Bought a scroll of identify for 28 gold pieces
  2340 | D:3      | Bought a scroll of noise for 14 gold pieces
  2540 | D:4      | Noticed Grinder
  2556 | D:4      | Killed Grinder
  2557 | D:4      | Reached skill level 7 in Axes
  2557 | D:4      | Reached XP level 6. HP: 27/52 MP: 6/6
  2768 | D:4      | Noticed Pikel
  2837 | D:4      | HP: 2/52 [Pikel/+1 whip of freezing (1)]
  2847 | D:4      | Killed Pikel
  2848 | D:4      | Reached skill level 1 in Throwing
  2848 | D:4      | Reached skill level 5 in Armour
  2848 | D:4      | Reached XP level 7. HP: 9/59 MP: 7/7
  3228 | D:4      | Found a glowing drain.
  3238 | Sewer    | Entered a sewer
  3329 | Sewer    | Reached XP level 8. HP: 61/66 MP: 8/8
  3436 | Sewer    | Reached skill level 8 in Axes
  3822 | D:4      | Noticed Blork the orc
  3850 | D:4      | Killed Blork the orc
  4229 | D:5      | Entered Level 5 of the Dungeon
  4229 | D:5      | Found a stormy altar of Qazlal.
  4230 | D:5      | Upgraded the game from 0.30-a0-365-ge7f957f1db to
                  | 0.30-a0-368-g86fb4627a9
  4236 | D:5      | Noticed Bediveer's ghost (amateur TeAE)
  4237 | D:5      | Found a transporter.
  4252 | D:5      | Reached skill level 9 in Axes
  4426 | D:5      | Found Eqicimeg's Gadget Gallery.
  4478 | D:5      | Slain by an ogre

Illustrated notes

Levels and vault maps discovered:
D:1:      enne_arrival_octagon_isle, layout_rooms
D:2:      layout_basic
D:3:      layout_loops_corners, serial_shops, nicolae_shop_waterfront, uniq_ijyb
D:4:      layout_cave_pools, portal_sewer_entry_f, uniq_pikel,
          uniq_blork_the_orc, uniq_grinder
D:5:      layout_loops_ring, overflow_temple_1_default, gammafunk_ghost_arena,
          hangedman_abyss_or_decor_stagger, nicolae_shop_gadgets

Skill      XL: |  1  2  3  4  5  6  7  8 |
---------------+-------------------------+-----
Fighting       | 4 |  4.0
Axes           | 5 7 9 |  9.9
Dodging        | 3 |  3.0
Armour         | 1 3 5 |  5.0
Stealth        | 2 3 |  3.7
Throwing       | 1 3 |  3.3
Evocations     | |  0.3

Action                   |  1- 3 |  4- 6 |  7- 9 || total
-------------------------+-------+-------+-------++-------
Melee: Hand axe          |   105 |   154 |   267 ||   526
       Punch             |     3 |     1 |     5 ||     9
Throw: Boomerang         |       |    19 |    80 ||    99
Evoke: Wand              |       |     1 |     1 ||     2
  Use: Scroll            |       |     5 |     4 ||     9
       Potion            |       |     7 |     2 ||     9
 Stab: Sleeping          |     1 |       |       ||     1
       Invisible         |       |    11 |       ||    11
Armor: Robe              |    15 |       |       ||    15
       Chain mail        |    41 |   112 |   239 ||   392
Dodge: Dodged            |    45 |    63 |   132 ||   240

Table legend: (Time is in decaauts)
 A = Elapsed time spent in this place.
 B = Non-inter-level travel time spent in this place.
 C = Inter-level travel time spent in this place.
 D = Time resting spent in this place.
 E = Time spent auto-exploring this place.
 F = Levels seen in this place.
 G = Mean time per level.
                   A        B        C        D        E       F      G
               +--------+--------+--------+--------+--------+-----+--------+
         Total |   4525 |   4416 |    109 |    529 |   2855 |   6 |  754.2 |
       Dungeon |   3889 |   3780 |    109 |    529 |   2489 |   5 |  777.8 |
         Sewer |    636 |    636 |      0 |      0 |    365 |   1 |  636.0 |
               +--------+--------+--------+--------+--------+-----+--------+

Top non-repeatable levels by time:
     D:3: 1248 daAuts
     D:4: 1106 daAuts
     D:2: 741 daAuts
   Sewer: 636 daAuts
     D:1: 547 daAuts
     D:5: 244 daAuts
